Goreval, neutral female human Monk ---------- --------------- #+........| |.............-# ---------------- ###|........| |.............|# #-.<............| % |........| |...*.........|# #|..............-######### #%........!# |.............|# #|.....%........| ###|........|# -.-----------|-# #-------------.-- # ----------# # ## # ### # ### # # # # # # # # ### #%# % --------# ### ### # # # # |......|# # # # ### ### #### |......|# ## ### # # # #---------- |......-# ----.----- # # ### ##### #|........| |......| |.........### #@# -.-.-----.- #|........| |.......#####|........| @ |...%.....| #|........| -------- #|........| #Z..........| #|........| #|........| |....>.....### #-........| #|........| ----------- ---------- #---------- Goreval the Initiate Experience level: 7 Strength: 16 Dexterity: 15 Constitution: 11 Intelligence: 10 Wisdom: 18 Charisma: 10 Health: 0(52) Energy: 52(52) Def: 7 Gold: 1436 Moves: 3784 Dungeon seed: B4qN6LD84hyZsC9E Game ID: Goreval_1533939340 Your Inventory: Coins $ - 1436 gold pieces Amulets H - a cursed amulet versus poison Weapons d - 42 +0 arrows i - 2 +0 orcish daggers o - 12 +0 darts G - a blessed +0 dagger Armor e - an uncursed +2 pair of leather gloves (being worn) f - an uncursed +0 elven leather helm (being worn) n - an uncursed +1 robe (being worn) Y - an uncursed +0 pair of elven boots Comestibles s - 2 uncursed food rations O - 2 uncursed eggs S - an uncursed tripe ration X - an uncursed partly eaten food ration Scrolls b - an uncursed scroll of confuse monster U - an uncursed scroll of remove curse Spellbooks a - a blessed spellbook of sleep Potions c - 2 uncursed potions of healing m - an uncursed potion of invisibility Rings j - a cursed -1 ring of increase accuracy named curesed! fcking cursed -- HELLL -- K - an uncursed ring of protection from shape changers Tools w - an uncursed magic whistle A - a blessed magic lamp (lit) M - 4 blessed tallow candles (0:200) N - an uncursed leash P - a crystal ball (0:0) V - a +0 pick-axe Gems q - an uncursed agate stone r - an uncursed opal y - an uncursed topaz stone z - an uncursed worthless piece of yellow glass Spells and supernatural/magical abilities: Name Level Category Fail Memory z - sleep 1 enchantment 0% 82% W - pray for help -- divine ? -- Your skills at the end: Fighting Skills martial arts [Skilled] Weapon Skills Spellcasting Skills healing spells [Basic] Final Attributes: You were piously aligned. You were sleep resistant. You were poison resistant. You saw invisible. You were warned. You were stealthy. You were fast. You are dead. Vanquished creatures: a tengu an ochre jelly a Grey-elf a cockatrice a leprechaun an iron piercer a giant spider a yeti a dwarf lord a raven a soldier ant a mountain nymph a yellow light a shrieker a kobold mummy a gray ooze 2 elf zombies a kitten a dwarf a kobold lord 3 rothes a monkey 2 wererats 2 iguanas 4 killer bees a coyote a hobbit a hobgoblin 2 yellow molds a green mold 4 gnomes 3 geckos 6 jackals a kobold 6 goblins 4 sewer rats 9 grid bugs a bat 3 lichens 2 kobold zombies 5 newts 83 creatures vanquished. Voluntary challenges: You were vegetarian. You never hit with a wielded weapon. You read items or engraved 4 times, starting on turn 722. You never genocided any monsters. You never polymorphed an object. You never changed form. You used no wishes. You never split a pudding. You wrote Elbereth's name 1 time, starting on turn 3784. You never violated your personal moral code. Dungeon overview: The Dungeons of Doom: levels 1 to 11 Level 1 an altar to Shan Lai Ching, some fountains, a sink a long staircase Level 2 Level 3 a general store, a fountain Level 4 a fountain stairs to The Gnomish Mines Level 5 many fountains Level 6 a fountain stairs to Sokoban Level 7 Level 8 some fountains Level 9 a jewelry store Level 10 <- You were here Level 11 The Gnomish Mines: Level 5 stairs to The Dungeons of Doom Sokoban: Level 5 stairs to The Dungeons of Doom History has recorded: On T:1 you entered the Dungeons of Doom to retrieve the Amulet of Yendor! On T:333 you advanced to experience level 2. On T:341 you reached level 2 of The Dungeons of Doom. On T:696 you reached level 3 of The Dungeons of Doom. On T:1009 you advanced to experience level 3. On T:1133 you reached level 4 of The Dungeons of Doom. On T:1225 you reached level 1 of The Gnomish Mines. On T:1378 you reached level 5 of The Dungeons of Doom. On T:1399 you reached level 6 of The Dungeons of Doom. On T:1400 you advanced to experience level 4. On T:1593 you reached level 4 of Sokoban. On T:1643 you advanced to experience level 5. On T:1889 you reached level 7 of The Dungeons of Doom. On T:2275 you reached level 8 of The Dungeons of Doom. On T:2486 you advanced to experience level 6. On T:2597 you reached level 9 of The Dungeons of Doom. On T:2780 you reached level 10 of The Dungeons of Doom. On T:3346 you reached level 11 of The Dungeons of Doom. On T:3697 you advanced to experience level 7. Score breakdown: Gold: 1436 (10740 points) Experience: 7 levels (13645 points) Exploration: 11 levels ( 23.40%) (13987 points) Discoveries: 8 items ( 2.86%) ( 5070 points) Valuables value: (no points given unless you survive) Artifact value: 0 ( 0 points) Variety of kills: 41 monsters ( 10.76%) ( 9841 points) Turncount: 3784 turns ( -942 points) Survival: died (score multiplied by 80%) Total score: 41872 Latest messages: You hit the gnome. You kill the gnome! You hit the ochre jelly! You are splashed by the ochre jelly's acid! You hit the ochre jelly! (2x) You kill the ochre jelly! You are splashed by its acid! Please move the cursor to an unknown object. Never mind. Please move the cursor to an unknown object. Never mind. You hit the elf zombie! You destroy the elf zombie! You hit the elf zombie! (2x) You destroy the elf zombie! The Grey-elf swings her runed broadsword. The Grey-elf hits! Never mind. You write in the dust with your fingers. The Grey-elf swings her runed broadsword. The Grey-elf hits! You die... Final status: Goodbye Goreval the Monk, killed by a Grey-elf... You died in The Dungeons of Doom on dungeon level 10 with 41872 points, and 1436 pieces of gold, after 3784 moves. You were level 7 with a maximum of 52 hit points when you died.